 Dungeon Crawl Stone Soup version 0.26-a0-660-gc07710193c (webtiles) character file.

Game seed: 1396266237661663876

36 MrRokkomies the Skirmisher (level 3, -8/35 HPs)
             Began as a Gnoll Wanderer on Oct 6, 2020.
             Mangled by a gnoll
             ... wielding a +0 spear
              (13 damage)
             ... on level 2 of the Dungeon.
             The game lasted 00:01:13 (1268 turns).

MrRokkomies the Skirmisher (Gnoll Wanderer)         Turns: 1268, Time: 00:01:15

Health: -8/35      AC:  2    Str: 13    XL:     3   Next: 37%
Magic:  9/9        EV: 13    Int: 18    God:
Gold:   94         SH:  0    Dex: 12    Spells: 11/12 levels left

rFire    . . .     SeeInvis .   j - +1 dagger (venom)
rCold    . . .     Faith    .   (no shield)
rNeg     . . .     Spirit   .   d - +0 robe
rPois    .         Reflect  .   (no helmet)
rElec    .         Harm     .   (no cloak)
rCorr    .         Rampage  .   (no gloves)
MR       .....                  (no boots)
Stlth    ++........             (no amulet)
HPRegen  0.11/turn              (no ring)
MPRegen  0.11/turn              (no ring)

@: no status effects
A: distributed training, fangs 1, strong nose
a: no special abilities


You were on level 2 of the Dungeon.
You visited 1 branch of the dungeon, and saw 2 of its levels.

You collected 94 gold pieces.

Inventory:

Hand Weapons
 a - a +2 spear
 e - a +0 dagger
 j - a +1 dagger of venom (weapon)
Missiles
 g - 17 stones (quivered)
Armour
 d - a +0 robe (worn)
Scrolls
 c - 2 scrolls of teleportation
Potions
 b - 2 potions of curing
 f - a potion of stabbing


   Skills:
 + Level 6.5 Fighting
 + Level 0.7 Short Blades
 + Level 0.7 Long Blades
 + Level 0.7 Axes
 + Level 0.7 Maces & Flails
 + Level 0.7 Polearms
 + Level 0.7 Staves
 + Level 0.7 Slings
 + Level 0.7 Bows
 + Level 0.7 Crossbows
 + Level 2.6 Throwing
 + Level 0.7 Armour
 + Level 2.6 Dodging
 + Level 4.1 Stealth
 + Level 0.7 Shields
 + Level 0.7 Unarmed Combat
 + Level 5.0 Spellcasting
 + Level 0.5 Conjurations
 + Level 2.1 Hexes
 + Level 0.5 Summonings
 + Level 0.5 Necromancy
 + Level 0.5 Translocations
 + Level 0.5 Transmutations
 + Level 0.5 Fire Magic
 + Level 0.5 Ice Magic
 + Level 0.5 Air Magic
 + Level 0.5 Earth Magic
 + Level 0.5 Poison Magic
 + Level 0.9 Invocations
 + Level 0.7 Evocations


You had 11 spell levels left.
You knew the following spells:

 Your Spells              Type           Power        Failure   Level
a - Sandblast             Erth           #.....       11%         1

Your spell library contained the following spells:

 Spells                   Type           Power        Failure   Level
 Stone Arrow              Conj/Erth      #.....       32%         3


Dungeon Overview and Level Annotations

Branches:
Dungeon (2/15)

Altars:


Innate Abilities, Weirdness & Mutations

Your experience applies equally to all skills.
You have very sharp teeth.
Your uncanny sense of smell can sniff out nearby items.


Message History

No target in view!
You see here a dart slug corpse.
c - 2 scrolls of teleportation (gained 1)
A gnoll comes into view. It is wielding a +0 flail.
Found an escape hatch in the floor.
A gnoll is nearby!
A gnoll comes into view. It is wielding a +0 halberd.
A gnoll comes into view. It is wielding a +0 spear.
A gnoll comes into view. It is wielding a +0 spear.
The gnoll shouts! x3
The gnoll closely misses you.
There is an escape hatch in the floor here.
You barely miss the gnoll. The gnoll hits you with a +0 flail.
You hit the gnoll.
The gnoll is poisoned.
You bite the gnoll, but do no damage.
The gnoll is lightly wounded.
The gnoll hits you from afar with a +0 spear!
The gnoll hits you from afar with a +0 halberd!
* * * LOW HITPOINT WARNING * * *
The gnoll hits you from afar with a +0 spear!
You die...

##.......^.#.##########
............#.#
###.####.#..#.#
#...........#
########.#### #.# #.#
#######.# .....g.@#
####.g.g# .......g#
##.##.... ∆ # #....
.....# .###.## ## ..#


You could see 4 gnolls.

Vanquished Creatures
  A worm (D:2)
  A dart slug (D:2)
  3 leopard geckos (D:1)
  A ball python (D:1)
  4 goblins (D:1)
  8 hobgoblins
  3 kobolds (D:1)
  A bat (D:1)
  A frilled lizard (D:1)
  2 rats (D:1)
25 creatures vanquished.

Notes
Turn   | Place    | Note
-------+----------+-------------------------------------------
     0 | D:1      | MrRokkomies the Gnoll Wanderer began the quest for the Orb.
     0 | D:1      | MrRokkomies set off with the following items: a +2 spear, a
                  | scroll of teleportation, a +0 robe, a +0 dagger; and the
                  | following spell memorised: Sandblast; and the following
                  | spells available to memorise: Stone Arrow
     0 | D:1      | Reached XP level 1. HP: 23/23 MP: 6/6
   150 | D:1      | Reached XP level 2. HP: 25/29 MP: 7/7
   629 | D:1      | Reached XP level 3. HP: 32/35 MP: 9/9
   791 | D:1      | Reached skill level 5 in Spellcasting
  1268 | D:2      | Mangled by a gnoll

Illustrated notes

Levels and vault maps discovered:
D:1:      lightli_molten_gateway, layout_loops_ring
D:2:      layout_loops_corners, st_stairs_13, kennysheep_generic_room_13

Skill      XL: |  1  2  3 |
---------------+----------+-----
Hexes          | 2 |  2.1
Spellcasting   | 5 |  5.0
Fighting       | |  6.5
Short Blades   | |  0.7
Long Blades    | |  0.7
Axes           | |  0.7
Maces & Flails | |  0.7
Polearms       | |  0.7
Staves         | |  0.7
Slings         | |  0.7
Bows           | |  0.7
Crossbows      | |  0.7
Throwing       | |  2.6
Armour         | |  0.7
Dodging        | |  2.6
Stealth        | |  4.1
Shields        | |  0.7
Unarmed Combat | |  0.7
Conjurations   | |  0.5
Summonings     | |  0.5
Necromancy     | |  0.5
Translocations | |  0.5
Transmutations | |  0.5
Fire Magic     | |  0.5
Ice Magic      | |  0.5
Air Magic      | |  0.5
Earth Magic    | |  0.5
Poison Magic   | |  0.5
Invocations    | |  0.9
Evocations     | |  0.7

Action                   || total
-------------------------++-------
Melee: Spear             ||    39
       Dagger            ||    31
       Bite              ||     3
  Use: Scroll            ||     3
 Stab: Sleeping          ||     7
Armor: Robe              ||     3
Dodge: Dodged            ||    22

Table legend: (Time is in decaauts)
 A = Elapsed time spent in this place.
 B = Non-inter-level travel time spent in this place.
 C = Inter-level travel time spent in this place.
 D = Time resting spent in this place.
 E = Time spent auto-exploring this place.
 F = Levels seen in this place.
 G = Mean time per level.
                   A        B        C        D        E       F      G
               +--------+--------+--------+--------+--------+-----+--------+
         Total |   1269 |   1231 |     38 |      0 |   1069 |   2 |  634.5 |
       Dungeon |   1269 |   1231 |     38 |      0 |   1069 |   2 |  634.5 |
               +--------+--------+--------+--------+--------+-----+--------+

Top non-repeatable levels by time:
     D:1: 945 daAuts
     D:2: 324 daAuts
